 Dungeon Crawl Stone Soup version 0.23.2-1-ga50397a6bc (webtiles) character file.

Game seed: 3902004790994210450

424 Gargoyl the Skirmisher (level 6, -3/52 HPs)
             Began as a Centaur Abyssal Knight on Apr 27, 2019.
             Was a Believer of Lugonu.
             Killed from afar by an orc wizard (5 damage)
             ... with a puff of frost
             ... on level 4 of the Dungeon.
             The game lasted 00:06:34 (4311 turns).

Gargoyl the Skirmisher (Centaur Abyssal Knight)     Turns: 4311, Time: 00:06:35

Health: -3/52      AC: 12    Str: 15    XL:     6   Next: 64%
Magic:  8/8        EV:  4    Int: 11    God:    Lugonu [**....]
Gold:   296        SH:  3    Dex: 10    Spells: 5/5 levels left

rFire    + . .     SeeInvis .   a - +1 hand axe
rCold    . . .     Gourm    .   b - +0 buckler (curse)
rNeg     . . .     Faith    .   g - +0 chain mail
rPois    .         Spirit   .   p - +1 helmet
rElec    .         Reflect  .   (no cloak)
rCorr    .         Harm     .   h - +1 pair of gloves
MR       .....                  (no barding)
Stlth    ..........             (no amulet)
HPRegen  0.17/turn              k - ring of protection from fire
MPRegen  0.11/turn              (no ring)

@: very quick
A: large, hooves 3, deformed body, speed 2, tough skin 3
a: Depart the Abyss, Bend Space, Renounce Religion


You were on level 4 of the Dungeon.
You worshipped Lugonu.
Lugonu was pleased with you.
You were hungry.

You visited 1 branch of the dungeon, and saw 4 of its levels.
You visited the Abyss 1 time.

You collected 296 gold pieces.

Inventory:

Hand Weapons
 a - a +1 hand axe (weapon)
 r - a +0 war axe
Missiles
 m - 6 tomahawks (quivered)
Armour
 b - a cursed +0 buckler (worn)
 g - a +0 chain mail (worn)
 h - a +1 pair of gloves (worn)
 p - a +1 helmet (worn)
Jewellery
 k - a ring of protection from fire (left hand)
Wands
 d - a wand of enslavement (5)
Scrolls
 i - 4 scrolls of identify
 j - a scroll of amnesia {unknown}
 l - a scroll of blinking {unknown}
 n - a scroll of remove curse
 o - a scroll of teleportation
Potions
 e - 3 potions of flight
 q - 2 potions of might
Comestibles
 c - 10 rations


   Skills:
 + Level 4.1 Fighting
 + Level 3.4 Axes
 * Level 3.2 Armour
 * Level 1.7 Dodging
 * Level 3.5 Invocations


You had 5 spell levels left.
You didn't know any spells.
Your spell library was empty.

Dungeon Overview and Level Annotations

Branches:
Dungeon (4/15)
 Temple: D:4-7

Altars:


Innate Abilities, Weirdness & Mutations

You have hooves in place of feet.
Armour fits poorly on your strangely shaped body.
You cover ground very quickly.
You have extremely tough skin. (AC +3)


Message History

The orc priest mumbles some strange prayers to Beogh against you.
Beogh smites you!
Unknown command.
You hit the orc wizard but do no damage.
The orc wizard gestures at you while chanting.
The puff of frost hits you.
* * * LOW HITPOINT WARNING * * *
The orc hits you but does no damage.
The orc priest mumbles some strange prayers to Beogh against you.
Beogh smites you!
* * * LOW HITPOINT WARNING * * *
The orc wizard casts a cantrip, but nothing happens.
Okay, then.
The orc priest begins to cast a cantrip, but forgets the words!
The orc wizard casts a spell at you. The puff of flame hits you. You resist.
* * * LOW HITPOINT WARNING * * *
The orc wizard casts a spell at you. The puff of frost hits you.
You die...

####...###..###
#.###.###.### ##..#
#..######...........# #..#
#)..#...>.........#.# #
#..###...#.###.###.#####.#
##.#####..#............##.#
#.#
.o.†..o................##.#
#.#
########.o{........##..##.#
#.#
#.####...#..##..##.#####.#
#.# #.o.@................
#.# ##.##................
#.# #.##...##.####.###.#
#.# #.##..###.# #.# #.# ###
#.........# #.# #.#
#.##..##### #.# #.# #.##..#
#.# #.# #.##..# #.# #.#
#.##.<########.# #.#


You could see an orc wizard and an orc.

Vanquished Creatures
  2 ogres (D:3)
  A bullfrog skeleton (D:3)
  Jessica (D:2)
  A hound zombie (D:4)
  7 adders
  3 gnolls (D:3)
  4 dart slugs
  3 leopard geckos (D:2)
  18 orcs
  4 giant cockroaches
  8 goblins
  3 hobgoblins
  7 jackals
  5 kobolds
  3 quokkas
  4 bats
  A frilled lizard (D:3)
  3 rats
78 creatures vanquished.

Notes
Turn   | Place    | Note
-------+----------+-------------------------------------------
     0 | Abyss:1  | Gargoyl the Centaur Abyssal Knight began the quest for the
                  | Orb.
     0 | Abyss:1  | Reached XP level 1. HP: 19/19 MP: 2/2
    59 | Abyss:1  | Noticed a blink frog
    72 | Abyss:1  | Noticed a large abomination
    86 | Abyss:1  | Noticed a thrashing horror
   112 | Abyss:2  | Found a corrupted altar of Lugonu.
   198 | Abyss:2  | Noticed a large abomination
   200 | Abyss:2  | Noticed a smoke demon
   200 | Abyss:2  | Noticed a small abomination
   201 | Abyss:2  | Noticed a smoke demon
   201 | Abyss:2  | Noticed a hellwing
   202 | D:1      | Escaped the Abyss
   527 | D:1      | Reached XP level 2. HP: 26/26 MP: 3/3
   730 | D:1      | Reached * piety under Lugonu
  1243 | D:2      | Noticed Jessica
  1253 | D:2      | Killed Jessica
  1253 | D:2      | Reached skill level 1 in Dodging
  1253 | D:2      | Reached XP level 3. HP: 19/31 MP: 4/4
  1606 | D:2      | Reached XP level 4. HP: 32/40 MP: 5/5
  2510 | D:3      | Noticed an ogre
  2528 | D:3      | HP: 1/40 [ogre/+0 giant club (6)]
  2536 | D:3      | Reached XP level 5. HP: 2/46 MP: 7/7
  2547 | D:3      | Killed an ogre
  2852 | D:3      | Noticed an ogre
  2863 | D:3      | Killed an ogre
  2863 | D:3      | Reached skill level 4 in Fighting
  2863 | D:3      | Reached XP level 6. HP: 30/52 MP: 8/8
  3267 | D:3      | Reached ** piety under Lugonu
  4299 | D:4      | HP: 2/52 [orc priest/divine providence (9)]
  4311 | D:4      | Killed from afar by an orc wizard

Skill      XL: |  1  2  3  4  5  6 |
---------------+-------------------+-----
Axes           | 2 3 |  3.4
Dodging        | 1 |  1.7
Armour         | 2 3 |  3.2
Invocations    | 3 |  3.5
Fighting       | 4 |  4.1

Action                   |  1- 3 |  4- 6 || total
-------------------------+-------+-------++-------
Melee: Hand axe          |    81 |   177 ||   258
       Kick              |     8 |    38 ||    46
Throw: Tomahawk          |       |     3 ||     3
Invok: Depart the Abyss  |     1 |       ||     1
  Use: Scroll            |     4 |     1 ||     5
       Potion            |     1 |     3 ||     4
  Eat: Chunk             |     1 |     7 ||     8
Armor: Chain mail        |    74 |   152 ||   226
Dodge: Dodged            |    28 |    51 ||    79
Block: Buckler           |       |    14 ||    14
